AoeStats
← Privilege

Runestones

507935087Analyzed
1v1 RM · 13d ago on Sep 20, 2026· 23m 31s· 2 players
Game mode
Random Map
Map size
Tiny (2 player)
Population
200
Speed
Normal
Resources
Standard
Victory
Conquest
Starting age
Dark Age
Ending age
Imperial Age
RankedLock teamsTeams togetherTeam positionsShared explorationLock speedFull tech treeHidden civsTurbo modeCheats
Victory
Defeat
🇨🇳 Maya · China
1434
+16
🇹🇼 Vietnamese · Taiwan
1427
-16
GNinder
6:20 Loom
8:41 Feudal Age
9:28 Double-Bit Axe
15:16 Padded Archer Armor
21:16 Castle Age
20:52 Horse Collar
21:30 Elite Skirmisher
Privilege
0:25 Loom
8:32 Feudal Age
9:09 Double-Bit Axe
12:00 Fletching
17:16 Horse Collar
19:57 Wheelbarrow
19:49 Padded Archer Armor
22:49 Castle Age
22:27 Padded Archer Armor
22:27 Gold Mining
22:51 Crossbowman
23:26 Bodkin Arrow
Connection lost

Rejoining the realm…

Still unreachable

The connection could not be restored.

Session expired

The server has moved on; the page needs a fresh start.